MID
HARTFORD YARD GOATS @ BINGHAMTON METS
06/14/2048
 
TOP OF THE 1ST
Hartford Yard Goats batting - Pitching for Binghamton Mets : RHP Ryan Stegall
Pitching: RHP Ryan Stegall
Batting: RHB Doug D'Onofrio 0-0: Called Strike
0-1: Foul Ball, location: 2F
0-2: Ball
1-2: Ball
2-2: Ground out 6-3 (Groundball, 6S, EV 88.1 MPH)
Batting: LHB Mick Tucker 0-0: Ball
1-0: Swinging Strike
1-1: Ball
2-1: Foul Ball, location: 2F
2-2: Strikes out swinging
Batting: RHB Kevin Tangeman 0-0: Ball
1-0: Ground out 6-3 (Groundball, 6S, EV 81.2 MPH)
Top of the 1st over - 0 runs, 0 hits, 0 errors, 0 left on base; Hartford 0 - Binghamton 0
BOTTOM OF THE 1ST
Binghamton Mets batting - Pitching for Hartford Yard Goats : RHP Tanner Brazeal
Pitching: RHP Tanner Brazeal
Batting: LHB Jamel Alexander 0-0: Foul Ball, location: 2F
0-1: Ball
1-1: Ball
2-1: Ground out 6-3 (Groundball, 6, EV 89.4 MPH)
Batting: SHB Jason Evans 0-0: Ball
1-0: SINGLE (Groundball, 6S, EV 65.6 MPH) (infield hit)
Batting: LHB Dan Bremseth 0-0: Called Strike
0-1: Ball
1-1: Called Strike
1-2: Foul Ball, location: 2F
1-2: Ball
2-2: Foul Ball, location: 2F
2-2: Fielders Choice at 2nd, 3-6 (Groundball, 3, EV 85.0 MPH)
Batting: RHB Mike Hanks 0-0: Ball
Dan Bremseth steals 2nd base
1-0: SINGLE (Groundball, 34D, EV 98.8 MPH)
Dan Bremseth to third
Runner from 3rd tries for Home, SAFE, throw by RF to home
Mike Hanks to second
Batting: LHB Zane Kelton 0-0: Ball
1-0: Called Strike
1-1: Foul Ball, location: 2F
1-2: Ground out 6-3 (Groundball, 4MS, EV 73.1 MPH)
Bottom of the 1st over - 1 run, 2 hits, 0 errors, 1 left on base; Hartford 0 - Binghamton 1
TOP OF THE 2ND
Hartford Yard Goats batting - Pitching for Binghamton Mets : RHP Ryan Stegall
Batting: LHB Paul McClintock 0-0: Foul Ball, location: 2F
0-1: Foul Ball, location: 2F
0-2: Ball
1-2: Ball
2-2: Ball
3-2: SINGLE (Flyball, 4D, EV 91.9 MPH)
Batting: RHB Manny Thompson 0-0: Fielders Choice at 2nd, 6-4 (Groundball, 6, EV 93.8 MPH)
Now at 2B: Jerry Burrows
Batting: SHB Craig Ruzic 0-0: Fly out, F8 (Line Drive, 8LD, EV 98.8 MPH)
Batting: RHB Seisaburo Edagawa 0-0: Ball
1-0: Fly out, F8 (Line Drive, 8LD, EV 101.9 MPH)
Top of the 2nd over - 0 runs, 1 hit, 0 errors, 1 left on base; Hartford 0 - Binghamton 1
BOTTOM OF THE 2ND
Binghamton Mets batting - Pitching for Hartford Yard Goats : RHP Tanner Brazeal
Batting: RHB Oscar Bravo 0-0: Foul Ball, location: 2F
0-1: Swinging Strike
0-2: Ball
1-2: Fly out, F9 (Flyball, 9, EV 86.2 MPH)
Batting: RHB Bobby Mabrey 0-0: Ball
1-0: Ground out 5-3 (Groundball, 56, EV 92.5 MPH)
Batting: RHB David Stayton 0-0: Ball
1-0: Foul Ball, location: 2F
1-1: Ball
2-1: Fly out, F9 (Flyball, 89M, EV 90.6 MPH)
Bottom of the 2nd over - 0 runs, 0 hits, 0 errors, 0 left on base; Hartford 0 - Binghamton 1
TOP OF THE 3RD
Hartford Yard Goats batting - Pitching for Binghamton Mets : RHP Ryan Stegall
Batting: SHB Clayton Saunders 0-0: Called Strike
0-1: Ground out 6-3 (Groundball, 6M, EV 92.5 MPH)
Batting: RHB Ighlas Mwara 0-0: SINGLE (Groundball, 56D, EV 98.8 MPH)
Batting: RHB Doug D'Onofrio 0-0: Ball
1-0: Foul Ball, location: 2F
1-1: Ball
2-1: Swinging Strike
2-2: SINGLE (Line Drive, 3D, EV 94.4 MPH)
Ighlas Mwara to second
Runner from 2nd tries for 3rd, SAFE, throw by RF made to third
Batting: LHB Mick Tucker 0-0: Ball
1-0: Ball
2-0: Ball
3-0: Called Strike
3-1: Swinging Strike
3-2: Strikes out looking
Batting: RHB Kevin Tangeman 0-0: DOUBLE (Line Drive, 89D, EV 105.6 MPH)
Ighlas Mwara scores
Doug D'Onofrio to third
Runner from 3rd tries for Home, SAFE, throw by RF to home
Batting: LHB Paul McClintock 0-0: Swinging Strike
0-1: Foul Ball, location: 2F
0-2: Ball
1-2: Strikes out swinging
Top of the 3rd over - 2 runs, 3 hits, 0 errors, 1 left on base; Hartford 2 - Binghamton 1
BOTTOM OF THE 3RD
Binghamton Mets batting - Pitching for Hartford Yard Goats : RHP Tanner Brazeal
Batting: RHB Gang-sheng Chew 0-0: Ball
1-0: Ground out 6-3 (Groundball, 6, EV 104.4 MPH)
Batting: LHB Jamel Alexander 0-0: Foul Ball, location: 2F
0-1: Ball
1-1: SINGLE (Groundball, 25, EV 73.1 MPH) (infield hit)
Batting: SHB Jason Evans 0-0: Called Strike
0-1: Ball
1-1: SINGLE (Line Drive, 9S, EV 106.2 MPH)
Jamel Alexander to second
Batting: LHB Dan Bremseth 0-0: Ball
1-0: 3-RUN HOME RUN (Flyball, 8LXD, EV 104.4 MPH), Distance : 409 ft
Batting: RHB Mike Hanks 0-0: Ball
1-0: Foul Ball, location: 2F
1-1: Reached via error on a dropped throw from C, E3 (Groundball, 2L, EV 66.9 MPH)
Batting: SHB Jerry Burrows 0-0: Ball
1-0: Called Strike
1-1: Ball
2-1: Ball
3-1: Fly out, F8 (Flyball, 8LM, EV 95.6 MPH)
Batting: RHB Oscar Bravo 0-0: Called Strike
0-1: Ball
1-1: Ball
2-1: Ground out U3 (Groundball, 3, EV 83.8 MPH)
Bottom of the 3rd over - 3 runs, 3 hits, 1 error, 1 left on base; Hartford 2 - Binghamton 4
TOP OF THE 4TH
Hartford Yard Goats batting - Pitching for Binghamton Mets : RHP Ryan Stegall
Batting: RHB Manny Thompson 0-0: Called Strike
0-1: Ball
1-1: Ground out 5-3 (Groundball, 56S, EV 71.9 MPH)
Batting: SHB Craig Ruzic 0-0: Foul Ball, location: 2F
0-1: Ball
1-1: Ball
2-1: Fly out, F9 (Flyball, 9D, EV 100.0 MPH)
Batting: RHB Seisaburo Edagawa 0-0: Ground out 6-3 (Groundball, 6, EV 88.1 MPH)
Top of the 4th over - 0 runs, 0 hits, 0 errors, 0 left on base; Hartford 2 - Binghamton 4
BOTTOM OF THE 4TH
Binghamton Mets batting - Pitching for Hartford Yard Goats : RHP Tanner Brazeal
Batting: RHB Bobby Mabrey 0-0: Ball
1-0: Fly out, F4 (Popup, 23, EV 81.9 MPH)
Batting: RHB David Stayton 0-0: Ground out 6-3 (Groundball, 6, EV 86.9 MPH)
Batting: RHB Gang-sheng Chew 0-0: Ball
1-0: Ball
2-0: Fly out, F8 (Flyball, 8RD, EV 90.0 MPH)
Bottom of the 4th over - 0 runs, 0 hits, 0 errors, 0 left on base; Hartford 2 - Binghamton 4
TOP OF THE 5TH
Hartford Yard Goats batting - Pitching for Binghamton Mets : RHP Ryan Stegall
Batting: SHB Clayton Saunders 0-0: Called Strike
0-1: Ball
1-1: Foul Ball, location: 2F
1-2: Strikes out swinging
Batting: RHB Ighlas Mwara 0-0: Ball
1-0: Ball
2-0: Ball
3-0: Ground out 4-3 (Groundball, 4, EV 86.9 MPH)
Batting: RHB Doug D'Onofrio 0-0: Ball
1-0: Called Strike
1-1: Ball
2-1: Fly out, F4 (Popup, 4MD, EV 75.0 MPH)
Top of the 5th over - 0 runs, 0 hits, 0 errors, 0 left on base; Hartford 2 - Binghamton 4
BOTTOM OF THE 5TH
Binghamton Mets batting - Pitching for Hartford Yard Goats : RHP Tanner Brazeal
Batting: LHB Jamel Alexander 0-0: Ball
1-0: Called Strike
1-1: Fly out, F7 (Flyball, 7LS, EV 80.0 MPH)
Batting: SHB Jason Evans 0-0: Ball
1-0: Ball
2-0: Ball
3-0: Called Strike
3-1: Ground out 3-1 (Groundball, 34, EV 86.9 MPH)
Batting: LHB Dan Bremseth 0-0: Fly out, F5 (Popup, 56, EV 74.4 MPH)
Bottom of the 5th over - 0 runs, 0 hits, 0 errors, 0 left on base; Hartford 2 - Binghamton 4
TOP OF THE 6TH
Hartford Yard Goats batting - Pitching for Binghamton Mets : RHP Ryan Stegall
Batting: LHB Mick Tucker 0-0: SOLO HOME RUN (Flyball, 9D, EV 92.5 MPH), Distance : 355 ft
Batting: RHB Kevin Tangeman 0-0: Ball
1-0: Ball
2-0: Foul Ball, location: 2F
2-1: Fly out, F9 (Flyball, 89M, EV 84.4 MPH)
Batting: LHB Paul McClintock 0-0: Ball
1-0: Called Strike
1-1: Called Strike
1-2: Strikes out swinging
Batting: RHB Manny Thompson 0-0: Called Strike
0-1: Ground out 6-3 (Groundball, 6, EV 90.6 MPH)
Top of the 6th over - 1 run, 1 hit, 0 errors, 0 left on base; Hartford 3 - Binghamton 4
BOTTOM OF THE 6TH
Binghamton Mets batting - Pitching for Hartford Yard Goats : RHP Tanner Brazeal
Batting: RHB Mike Hanks 0-0: Called Strike
0-1: Ball
1-1: Ball
2-1: DOUBLE (Groundball, 5L, EV 109.4 MPH)
Batting: SHB Jerry Burrows 0-0: Called Strike
0-1: Ball
1-1: Ground out U3 (Groundball, 3, EV 88.1 MPH)
Mike Hanks to third
Batting: RHB Oscar Bravo 0-0: Ball
1-0: Swinging Strike
1-1: Foul Ball, location: 2F
1-2: Fly out, F9 (Flyball, 9D, EV 93.8 MPH)
Runner from 3rd tags up, OUT at HOME! 9-2
Bottom of the 6th over - 0 runs, 1 hit, 0 errors, 0 left on base; Hartford 3 - Binghamton 4
TOP OF THE 7TH
Hartford Yard Goats batting - Pitching for Binghamton Mets : RHP Ryan Stegall
Batting: SHB Craig Ruzic 0-0: Called Strike
0-1: Ball
1-1: Swinging Strike
1-2: Strikes out looking
Batting: RHB Seisaburo Edagawa 0-0: Ball
1-0: Ball
2-0: Ball
3-0: Base on Balls
Batting: SHB Clayton Saunders 0-0: Ball
Seisaburo Edagawa is caught stealing 2nd base 2-6
1-0: Called Strike
1-1: Fly out, F9 (Line Drive, 89M, EV 86.2 MPH)
Top of the 7th over - 0 runs, 0 hits, 0 errors, 0 left on base; Hartford 3 - Binghamton 4
BOTTOM OF THE 7TH
Binghamton Mets batting - Pitching for Hartford Yard Goats : RHP Tanner Brazeal
Pitching: LHP Juan Rivera
Batting: RHB Bobby Mabrey 0-0: Called Strike
0-1: Ball
1-1: Foul Ball, location: 2F
1-2: Ball
2-2: Strikes out swinging
Batting: RHB David Stayton 0-0: Called Strike
0-1: Ball
1-1: Called Strike
1-2: Strikes out looking
Batting: RHB Gang-sheng Chew 0-0: Foul Ball, location: 2F
0-1: Ball
1-1: Swinging Strike
1-2: Ball
2-2: Ball
3-2: Base on Balls
Batting: LHB Jamel Alexander 0-0: Fly out, F8 (Flyball, 8LM, EV 85.0 MPH)
Bottom of the 7th over - 0 runs, 0 hits, 0 errors, 1 left on base; Hartford 3 - Binghamton 4
TOP OF THE 8TH
Hartford Yard Goats batting - Pitching for Binghamton Mets : RHP Ryan Stegall
Batting: RHB Ighlas Mwara 0-0: Called Strike
0-1: Ground out 6-3 (Groundball, 6, EV 105.0 MPH)
Batting: RHB Doug D'Onofrio 0-0: Called Strike
0-1: SINGLE (Groundball, 34, EV 102.5 MPH)
Batting: LHB Mick Tucker 0-0: Swinging Strike
0-1: 2-RUN HOME RUN (Flyball, 9D, EV 97.5 MPH), Distance : 365 ft
Pitching: LHP Scott Carr
Batting: RHB Kevin Tangeman 0-0: Ball
1-0: Ball
2-0: Called Strike
2-1: Ball
3-1: Fly out, F7 (Flyball, 7S, EV 79.4 MPH)
Batting: LHB Paul McClintock 0-0: Ball
1-0: Ball
2-0: Ball
3-0: Called Strike
3-1: Called Strike
3-2: Strikes out swinging
Top of the 8th over - 2 runs, 2 hits, 0 errors, 0 left on base; Hartford 5 - Binghamton 4
BOTTOM OF THE 8TH
Binghamton Mets batting - Pitching for Hartford Yard Goats : LHP Juan Rivera
Now at 1B: John Corfield
Batting: SHB Jason Evans 0-0: Ball
1-0: Called Strike
1-1: Ball
2-1: SINGLE (Line Drive, 9S, EV 92.5 MPH)
Batting: LHB Dan Bremseth 0-0: Ball
1-0: Ball
2-0: Ball
3-0: Base on Balls
Jason Evans to second
Batting: RHB Mike Hanks 0-0: Called Strike
0-1: Foul Ball, location: 2F
0-2: Ball
1-2: Grounds into double play, 6-4-3 (Groundball, 56, EV 86.9 MPH)
Jason Evans to third
Batting: SHB Jerry Burrows 0-0: Foul Ball, location: 2F
0-1: Ball
1-1: Ball
2-1: Ball
3-1: Base on Balls
Batting: RHB Oscar Bravo 0-0: Ball
1-0: Called Strike
1-1: Swinging Strike
1-2: Ball
2-2: Foul Ball, location: 2F
2-2: SINGLE (Line Drive, 8LS, EV 101.2 MPH)
Jason Evans scores
Jerry Burrows to second
Runner from 2nd tries for 3rd, SAFE, no throw by CF
Pitching: RHP Josh Blaschke
Batting: RHB Bobby Mabrey 0-0: Ball
1-0: Called Strike
1-1: Ground out 4-3 (Groundball, 13, EV 87.5 MPH)
Bottom of the 8th over - 1 run, 2 hits, 0 errors, 2 left on base; Hartford 5 - Binghamton 5
TOP OF THE 9TH
Hartford Yard Goats batting - Pitching for Binghamton Mets : LHP Scott Carr
Batting: RHB Manny Thompson 0-0: Swinging Strike
0-1: Swinging Strike
0-2: Ball
1-2: Strikes out swinging
Batting: SHB Craig Ruzic 0-0: Called Strike
0-1: Ground out 4-3 (Groundball, 4, EV 103.8 MPH)
Batting: RHB Seisaburo Edagawa 0-0: Called Strike
0-1: Ball
1-1: Called Strike
1-2: Fly out, F8 (Flyball, 8RM, EV 95.6 MPH)
Top of the 9th over - 0 runs, 0 hits, 0 errors, 0 left on base; Hartford 5 - Binghamton 5
BOTTOM OF THE 9TH
Binghamton Mets batting - Pitching for Hartford Yard Goats : RHP Josh Blaschke
Pitching: RHP Travis Palmisano
Batting: RHB David Stayton 0-0: Called Strike
0-1: Foul Ball, location: 2F
0-2: Foul Ball, location: 2F
0-2: Ball
1-2: Ball
2-2: Foul Ball, location: 2F
2-2: Ball
3-2: Base on Balls
Batting: RHB Gang-sheng Chew 0-0: Ball
1-0: 2-RUN HOME RUN (Flyball, 7D, EV 100.0 MPH), Distance : 380 ft
Bottom of the 9th over - 2 runs, 1 hit, 0 errors, 0 left on base; Hartford 5 - Binghamton 7
Tuesday, March 28th , 2023 - OOTP Baseball 23.10 Build 110